 Dungeon Crawl Stone Soup version 0.22-a0-419-g492bfec (webtiles) character file.

202 dstrtnsr the Ruffian (level 5, -2/53 HPs)
             Began as a Troll Fighter on May 15, 2018.
             Slain by a gnoll
             ... wielding a +0 spear
              (4 damage)
             ... on level 4 of the Dungeon.
             The game lasted 00:01:41 (753 turns).

dstrtnsr the Ruffian (Troll Fighter)                 Turns: 753, Time: 00:01:41

Health: -2/53      AC:  5    Str: 30    XL:     5   Next: 50%
Magic:  4/4        EV:  8    Int:  4    God:
Gold:   75         SH:  9    Dex:  9    Spells: 4/4 levels left

rFire    . . .     SeeInvis .     - Unarmed
rCold    . . .     Gourm    +   b - +0 shield
rNeg     . . .     Faith    .   a - +0 robe
rPois    .         Spirit   .   (helmet restricted)
rElec    .         Reflect  .   (no cloak)
rCorr    .         Harm     .   (gloves unavailable)
MR       .....                  (boots unavailable)
Stlth    +.........             (no amulet)
HPRegen  0.57/turn              (no ring)
MPRegen  0.09/turn              (no ring)

@: mighty, flying, hasted and slowed
A: large, unfitting armour, claws 3, fast metabolism 3, gourmand, regeneration
1, shaggy fur 1, tough skin 2
a: no special abilities


You were on level 4 of the Dungeon.
You were full.

You visited 1 branch of the dungeon, and saw 4 of its levels.

You collected 75 gold pieces.

Inventory:

Missiles
 n - a throwing net (quivered)
Armour
 a - a +0 robe (worn)
 b - a +0 shield (worn)
Jewellery
 h - a cursed -2 ring of intelligence {unknown}
Wands
 I - a wand of iceblast (8)
Scrolls
 d - 3 scrolls of magic mapping {unknown}
 g - a scroll of enchant armour {unknown}
 i - a scroll of teleportation {unknown}
 j - a scroll of remove curse {@r2}
 k - a scroll of fog {unknown}
 m - a scroll of identify {unknown}
Comestibles
 e - 3 rations {!d}


   Skills:
 + Level 3.4 Fighting
 - Level 2.4 Dodging
 + Level 2.7 Shields
 * Level 4.7 Unarmed Combat


You had 4 spell levels left.
You didn't know any spells.
Your spell library was empty.

Dungeon Overview and Level Annotations

Branches:
Dungeon (4/15)
 Temple: D:4-7

Altars:

Annotations:
D:4 dstrtnsr's ghost, amateur TrFi


Innate Abilities, Weirdness & Mutations

You are too large for most types of armour.
You have claws for hands.
Your metabolism is lightning-fast.
You like to eat raw meat.
Your natural rate of healing is unusually fast.
You are covered in fur. (AC +1)
You have very tough skin. (AC +2)


Message History

You scratch the gnoll but do no damage. You block the gnoll's attack.
An orc wizard comes into view. It is wielding a dagger.
You scratch the gnoll.
The gnoll is heavily wounded.
The gnoll barely misses you.
You scratch the gnoll.
The gnoll is severely wounded.
The gnoll hits you from afar with a spear!
The gnoll hits you with a club.
You barely miss the gnoll.
The gnoll is severely wounded.
The gnoll hits you from afar with a spear.
The orc wizard points at you and mumbles some strange words.
The magic dart hits you! The gnoll hits you with a club.
You scratch the gnoll.
You kill the gnoll!
The orc wizard mumbles some strange words.
The orc wizard seems to speed up.
The gnoll barely misses you. The orc wizard casts a spell at you.
The magic dart hits you! The gnoll barely misses you.
The orc wizard closely misses you.
An orc comes into view. It is wielding a dagger.
Things that are here:
a club; a gnoll corpse You barely miss the orc wizard.
The orc wizard barely misses you. The gnoll hits you with a spear.
You are too injured to fight recklessly!
You are too injured to fight recklessly!
You are too injured to fight recklessly!
You are too injured to fight recklessly!
Evoke which item? (* to show all) (? for menu, Esc to quit)
Aiming: Iceblast
Press: ? - help, Shift-Dir - straight line The mass of ice explodes!
The iceblast engulfs the gnoll.
The gnoll is severely wounded.
The iceblast engulfs the orc wizard.
The orc wizard is heavily wounded.
You hear a shout!
The orc wizard gestures at you while chanting.
You feel yourself slow down. You block the gnoll's attack.
The orc wizard hits you with a dagger.
An orc comes into view. It is wielding a club.
Unknown command.
Evoke which item? (* to show all) (? for menu, Esc to quit)
Aiming: Iceblast
Press: ? - help, Shift-Dir - straight line The mass of ice explodes!
The iceblast engulfs the orc wizard.
You kill the orc wizard!
The iceblast engulfs the orc.
The orc is moderately wounded.
The gnoll hits you with a spear!
* * * LOW HITPOINT WARNING * * *
The orc wizard hits you but does no damage.
Unknown command.
Unknown command.
You feel very mighty all of a sudden. The gnoll hits you with a spear.
* * * LOW HITPOINT WARNING * * *
You block the orc's attack.
The orc wizard hits you but does no damage.
The gnoll hits you with a spear.
* * * LOW HITPOINT WARNING * * *
The orc wizard gestures at you while chanting.
The magic dart hits you!
* * * LOW HITPOINT WARNING * * *
The orc hits you with a dagger.
* * * LOW HITPOINT WARNING * * *
Unknown command.
You don't know any spells.
You don't know any spells.
You don't know any spells.
You don't know any spells.
You don't know any spells.
You claw the orc wizard!
You kill the orc wizard!
You block the gnoll's attack. The orc hits you but does no damage.
You block the orc's attack. The gnoll hits you but does no damage.
The orc barely misses you. The orc hits you with a club.
* * * LOW HITPOINT WARNING * * *
You block the gnoll's attack. You block the orc's attack.
Things that are here:
a dagger; a robe; an orc corpse Unknown command.
It was a potion of flight.
You feel very buoyant.
You fly up into the air.
The gnoll barely misses you. You block the orc's attack.
The orc barely misses you.
Dstrtnsr's ghost (amateur Troll Fighter) comes into view.
It was a potion of haste.
You feel yourself speed up. The gnoll closely misses you.
The orc hits you but does no damage. x2
You block the gnoll's attack. The orc hits you with a club.
* * * LOW HITPOINT WARNING * * *
You block the orc's attack.
You claw the orc!
You kill the orc!
You block the gnoll's attack.
You claw the orc!
You kill the orc!
The gnoll hits you from afar with a spear.
You die...

## # .# #. #w#####
############.####...$...
....<...)...............
..............g)W.......
.....#..#######)@.......
.^...#..#.....#.........
.....#..##.##.#.........
.....#........#.........
.....##.........(.......
......'.......#.#.......
#######./.....#.########
#.....#.#.. #######.....


You could see dstrtnsr's ghost, a gnoll and a dart slug (wandering).

Vanquished Creatures
  2 orc wizards (D:4)
  Jessica (D:2)
  5 gnolls
  An adder (D:3)
  An ooze (D:1)
  2 worms (D:2)
  A dart slug (D:2)
  6 orcs
  A giant cockroach (D:2)
  A goblin (D:1)
  6 hobgoblins
  2 jackals (D:2)
  4 bats
  A frilled lizard (D:2)
  8 kobolds
  5 rats
47 creatures vanquished.

Vanquished Creatures (others)
  An ooze (D:4)
  10 toadstools (D:2)
11 creatures vanquished.

Grand Total: 58 creatures vanquished

Notes
Turn   | Place    | Note
-------+----------+-------------------------------------------
     0 | D:1      | dstrtnsr the Troll Fighter began the quest for the Orb.
     0 | D:1      | Reached XP level 1. HP: 22/22 MP: 0/0
    28 | D:1      | Reached XP level 2. HP: 29/29 MP: 1/1
    87 | D:2      | Noticed Jessica
    97 | D:2      | Killed Jessica
    97 | D:2      | Reached skill level 3 in Unarmed Combat
    97 | D:2      | Reached XP level 3. HP: 36/36 MP: 2/2
   512 | D:2      | Reached XP level 4. HP: 28/45 MP: 3/3
   600 | D:3      | Reached skill level 4 in Unarmed Combat
   742 | D:4      | Reached XP level 5. HP: 34/53 MP: 4/4
   745 | D:4      | HP: 21/53 [orc wizard/dagger (5)]
   747 | D:4      | HP: 9/53 [gnoll/spear (6)]
   747 | D:4      | HP: 2/53 [orc/dagger (3)]
   751 | D:4      | Noticed dstrtnsr's ghost (amateur TrFi)
   753 | D:4      | Slain by a gnoll

Vault maps used:
D:1:      minmay_arrival_up_and_down, minmay_shallow_snake_nest
D:2:      cheibrodos_fertilizer, uniq_jessica
D:3:      old_standard_altar, gammafunk_temple_overflow_statue, serial_glass,
          glass_columns_b, glass_columns_b, glass_columns_c, glass_columns_c,
          glass_columns_a, glass_columns_c, glass_columns_a, glass_columns_a,
          first_ration
D:4:      grunt_qazlal_clouds, serial_shops, nicolae_shop_stone

Skill      XL: |  1  2  3  4 |
---------------+-------------+-----
Unarmed Combat | 3 4 |  4.7
Fighting       | 3 |  3.4
Dodging        | |  2.4
Shields        | |  2.7

Action                   |  1- 3 |  4- 6 || total
-------------------------+-------+-------++-------
Melee: Unarmed           |    79 |    48 ||   127
Evoke: Wand              |       |     2 ||     2
  Use: Scroll            |     1 |       ||     1
       Potion            |       |     3 ||     3
  Eat: Chunk             |     7 |     3 ||    10
Armor: Robe              |    40 |    22 ||    62
Dodge: Dodged            |    31 |    29 ||    60
Block: Shield            |    51 |    41 ||    92

Table legend:
 A = Spawn XP
 B = Non-spawn XP
 C = Spawn XP percentage of total XP
 D = Spawn monster count
 E = Non-spawn monster count
 F = Spawn count percentage of total count
 G = Total turns spent on level
                    A         B        C        D         E        F      G
               +---------+---------+-------+---------+---------+-------+---------
         Total |       0 |     289 |   0.0 |       0 |      47 |   0.0 |   753
               +---------+---------+-------+---------+---------+-------+---------
           D:1 |       0 |      15 |   0.0 |       0 |       6 |   0.0 |    64
           D:2 |       0 |      86 |   0.0 |       0 |      24 |   0.0 |   457
           D:3 |       0 |      67 |   0.0 |       0 |      10 |   0.0 |   178
           D:4 |       0 |     121 |   0.0 |       0 |       7 |   0.0 |    54
               +---------+---------+-------+---------+---------+-------+---------
